 Dungeon Crawl Stone Soup version 0.30-a0-1114-gd936c97349 (webtiles) character file.

Game seed: 10138187320726842518

118 meatpath the Trooper (level 5, 0/34 HPs)
             Began as a Gargoyle Fighter on Apr 20, 2023.
             Slain by a shadow imp (3 damage)
             ... summoned by Eustachio
             ... on level 4 of the Dungeon.
             The game lasted 00:05:49 (2561 turns).

meatpath the Trooper (Gargoyle Fighter)             Turns: 2561, Time: 00:05:52

Health: 0/34       AC: 12    Str: 22    XL:     5   Next: 2%
Magic:  5/5        EV:  9    Int:  8    God:
Gold:   160        SH:  4    Dex:  9    Spells: 4/4 levels left

rFire   . . .      SeeInvis .    a - +0 flail
rCold   . . .      Faith    .    c - +0 buckler
rNeg    + . .      Spirit   .    b - +0 scale mail
rPois   ∞          Reflect  .    (no helmet)
rElec   +          Rampage  .    (no cloak)
rCorr   .                        (no gloves)
Will    .....                    l - +0 pair of boots Stlth
                                 (no amulet)
HPRegen 0.25/turn                (no ring)
MPRegen 0.09/turn                (no ring)

@: mighty
A: sickness immunity, AC +4, negative energy resistance 1, electricity
resistance, torment resistance 1, petrification resistance
a: no special abilities


You were on level 4 of the Dungeon.
You visited 1 branch of the dungeon, and saw 4 of its levels.

You collected 160 gold pieces.

Inventory:

Hand Weapons
 a - a +0 flail (weapon)
Armour
 b - a +0 scale mail (worn)
 c - a +0 buckler (worn)
 l - a +0 pair of boots (worn)
Scrolls
 e - 4 scrolls of teleportation
 f - a scroll of immolation {unknown}
 i - a scroll of blinking {unknown}
 n - a scroll of fog {unknown}
 r - a scroll of fear {unknown}
 s - a scroll of magic mapping {unknown}
 t - a scroll of enchant armour {unknown}
 u - a scroll of noise {unknown}
 v - a scroll of brand weapon {unknown}
Potions
 h - 2 potions of degeneration
 j - 2 potions of haste
 k - a potion of curing
 m - a potion of invisibility {unknown}
 o - a potion of lignification {unknown}
 p - 2 potions of flight {unknown}
 q - a potion of cancellation {unknown}
 w - a potion of berserk rage {unknown}


   Skills:
 + Level 4.4 Fighting
 + Level 3.2 Maces & Flails
 - Level 3.2 Armour
 + Level 4.4 Shields


You had 4 spell levels left.
You didn't know any spells.
Your spell library contained the following spells:

 Spells                   Type           Power      Damage    Failure   Level
 Blink                    Tloc           0%         N/A       91%         2
 Manifold Assault         Tloc           0%         N/A       100%        4
 Storm Form               Tmut/Air       0%         N/A       100%        7


Dungeon Overview and Level Annotations

Branches:
Dungeon (4/15)
 Temple: D:4-7

Altars:
Dithmenos

Annotations:
D:4 Eustachio


Innate Abilities, Weirdness & Mutations

You are immune to sickness and miasma.
Your stone body is resilient. (AC +4)
You are immune to poison.
You resist negative energy. (rN+)
You are resistant to electric shocks. (rElec)
You are resistant to unholy torment.
You are immune to petrification.


Message History

Eustachio blinks!
The bat hits you but does no damage.
The shadow imp hits you but does no damage.
You thump the bat!
You kill the bat!
The bat's corpse disappears in a puff of smoke!
The bat hits you but does no damage.
Eustachio utters an oath, "I will die for my friends!"
The river rat bites you but does no damage.
The shadow imp hits you.
The river rat bites you but does no damage.
The bat closely misses you. The shadow imp gestures at you.
You are unaffected.
The river rat attacks as you move away! The river rat bites you.
The bat hits you but does no damage.
The river rat twitches its whiskers.
You closely miss Eustachio.
Eustachio is lightly wounded.
The bat closely misses you.
Eustachio hits you with a +2 rapier of electrocution.
The river rat closely misses you. You block Eustachio's attack.
The river rat bites you but does no damage.
You barely miss Eustachio.
Eustachio is lightly wounded.
The bat hits you but does no damage. You block the shadow imp's attack.
Eustachio barely misses you. The river rat closely misses you.
You closely miss Eustachio.
Eustachio is lightly wounded.
The bat closely misses you. The shadow imp barely misses you.
Eustachio hits you with a +2 rapier of electrocution!
* * * LOW HITPOINT WARNING * * *
The river rat barely misses you. The shadow imp barely misses you.
You barely miss Eustachio.
Eustachio is lightly wounded.
The bat hits you but does no damage.
Eustachio hits you with a +2 rapier of electrocution.
* * * LOW HITPOINT WARNING * * *
The river rat bites you but does no damage.
The shadow imp hits you.
You die...

#################
#...............#
................#
#<........#########
#..........5.......
#5r........§.......
#.@b.....##..[...##
#..@.....###..?.##
#..#.###..###..##
#.....#....#####
.............#
##.....#.....#
##.#.###.. #.#.# ..


You could see Eustachio, a river rat (summoned), a shadow imp (summoned) and a
bat (summoned).

Vanquished Creatures
  6 adders
  2 dart slugs
  5 orcs (D:3)
  6 endoplasms
  2 giant cockroaches
  6 goblins
  A hobgoblin (D:2)
  4 jackals (D:2)
  A quokka (D:3)
  4 ball pythons
  4 bats
  5 frilled lizards
  6 kobolds
  5 rats
57 creatures vanquished.

Notes
Turn   | Place    | Note
-------+----------+-------------------------------------------
     0 | D:1      | meatpath the Gargoyle Fighter began the quest for the Orb.
     0 | D:1      | Reached XP level 1. HP: 14/14 MP: 1/1
   229 | D:1      | Found a faded altar of an unknown god.
   287 | D:1      | Reached XP level 2. HP: 19/19 MP: 2/2
   724 | D:1      | Reached XP level 3. HP: 24/24 MP: 3/3
  1227 | D:2      | Reached XP level 4. HP: 29/29 MP: 4/4
  1797 | D:2      | You fall into a shaft and drop 1 floor!
  2119 | D:3      | Found a shadowy altar of Dithmenos.
  2238 | D:3      | Reached XP level 5. HP: 34/34 MP: 5/5
  2522 | D:4      | Noticed Eustachio
  2561 | D:4      | Slain by a shadow imp

Illustrated notes

Levels and vault maps discovered:
D:1:      co_arrival_random_square_maze, layout_loops_ring,
          hellmonk_ecumenical_altar_run_dry, st_stairs_9,
          corexii_item_surrounded_by_moat, minmay_fountain_box, minivault_27,
          grunt_decor_one_mirror
D:2:      layout_basic
D:3:      layout_loops_ring, nicolae_dithmenos_shadow_blocks, kennysheep_boxes
D:4:      layout_loops_ring, serial_glass, glass_columns_c, glass_columns_c,
          minmay_misc_feat_pillars, minivault_19, minmay_misc_feat_ornament,
          uniq_eustachio

Skill      XL: |  1  2  3  4 |
---------------+-------------+-----
Fighting       | 4 |  4.4
Shields        | 4 |  4.4
Maces & Flails | 3 |  3.2
Armour         | |  3.2

Action                     |  1- 3 |  4- 6 || total
---------------------------+-------+-------++-------
  Melee: Flail             |   154 |    91 ||   245
    Use: Scroll            |       |     4 ||     4
         Potion            |       |     1 ||     1
 Armour: Scale mail        |    86 |    68 ||   154
  Dodge: Dodged            |    78 |    56 ||   134
  Block: Buckler           |    39 |    29 ||    68

Table legend: (Time is in decaauts)
 A = Elapsed time spent in this place.
 B = Non-inter-level travel time spent in this place.
 C = Inter-level travel time spent in this place.
 D = Time resting spent in this place.
 E = Time spent auto-exploring this place.
 F = Levels seen in this place.
 G = Mean time per level.
                   A        B        C        D        E       F      G
               +--------+--------+--------+--------+--------+-----+--------+
         Total |   2635 |   2536 |     99 |    140 |   1771 |   4 |  658.8 |
       Dungeon |   2635 |   2536 |     99 |    140 |   1771 |   4 |  658.8 |
               +--------+--------+--------+--------+--------+-----+--------+

Top non-repeatable levels by time:
     D:1: 1067 daAuts
     D:2: 891 daAuts
     D:3: 621 daAuts
     D:4: 55 daAuts
